 Dungeon Crawl Stone Soup version 0.28-a0-1286-g6bde065e89 (webtiles) character file.

Game seed: 5614357502090493046

482 rivermerz the Chopper (level 6, -6/56 HPs)
             Began as a Deep Dwarf Cinder Acolyte on Oct 15, 2021.
             Was a High Priest of Ignis.
             Mangled by an ogre (20 damage)
             ... on level 5 of the Dungeon on Dec 27, 2021.
             The game lasted 00:34:32 (4301 turns).

rivermerz the Chopper (Deep Dwarf Cinder Acolyte)   Turns: 4301, Time: 00:34:33

Health: -6/56      AC:  9    Str: 17    XL:     6   Next: 87%
Magic:  4/4        EV: 11    Int: 16    God:    Ignis [*****.]
Gold:   141        SH:  0    Dex:  9    Spells: 6/8 levels left

rFire   + . .      SeeInvis .   a - -1 hand axe (flame)
rCold   . . .      Faith    .   (no shield)
rNeg    . . .      Spirit   .   e - +0 ring mail
rPois   .          Reflect  .   (no helmet)
rElec   .          Harm     .   (no cloak)
rCorr   .          Rampage  .   (no gloves)
Will    .....                   (no boots)
Stlth   +.........              l - amulet of magic regeneration
HPRegen 0.00/turn               k - +4 ring of protection
MPRegen 0.49/turn               (no ring)

@: no status effects
A: damage resistance, heal wounds, sense surroundings 1, no regeneration
a: Heal Wounds, Renounce Religion, Fiery Armour, Foxfire Swarm, Rising Flame


You were on level 5 of the Dungeon.
You worshipped Ignis.
Ignis was extremely pleased with you.
You visited 1 branch of the dungeon, and saw 5 of its levels.

You collected 141 gold pieces.

Inventory:

Hand Weapons
 a - a -1 hand axe of flaming (weapon)
Armour
 b - a +0 robe
 e - a +0 ring mail (worn)
Jewellery
 k - a +4 ring of protection (left hand)
 l - an amulet of magic regeneration (around neck)
Scrolls
 c - 2 scrolls of immolation {unknown}
 d - 2 scrolls of amnesia {unknown}
 f - a scroll of blinking {unknown}
 h - 3 scrolls of vulnerability
 i - a scroll of teleportation {unknown}
 j - a scroll of enchant weapon {unknown}
 q - a scroll of enchant armour {unknown}
Potions
 g - 2 potions of might
 n - 2 potions of heal wounds
 p - a potion of brilliance {unknown}


   Skills:
 - Level 3.0 Fighting
 * Level 6.0 Axes
 + Level 2.4 Armour
 + Level 1.9 Dodging
 + Level 3.5 Stealth
 - Level 1.5 Spellcasting
 - Level 3.5 Fire Magic


You had 6 spell levels left.
You knew the following spells:

 Your Spells              Type           Power      Damage    Failure   Level
a - Scorch                Fire           24%        2d6       14%         2

Your spell library contained the following spells:

 Spells                   Type           Power      Damage    Failure   Level
 Animate Skeleton         Necr           2%         N/A       36%         1
 Magic Dart               Conj           4%         1d3       36%         1
 Call Imp                 Summ           1%         N/A       52%         2
 Corpse Rot               Necr/Air       2%         N/A       52%         2
 Poisonous Vapours        Pois/Air       2%         N/A       52%         2
 Mephitic Cloud           Conj/Pois/Air  1%         N/A       75%         3
 Dispel Undead            Necr           1%         3d6       98%         4
 Summon Forest            Summ/Tloc      0%         N/A       100%        5
 Summon Mana Viper        Hex/Summ       1%         N/A       100%        5
 Summon Cactus Giant      Summ           0%         N/A       100%        6
 Dragon Form              Tmut           0%         N/A       100%        7
 Storm Form               Tmut/Air       0%         N/A       100%        7


Dungeon Overview and Level Annotations

Branches:
Dungeon (5/15)
 Temple: D:4-7

Altars:
Elyvilon
Okawaru
Vehumet

Shops:
D:2 [[   D:5 !=


Innate Abilities, Weirdness & Mutations

You are resistant to damage.
You can heal yourself by infusing magical energy.
You passively map a small area around you.
You do not regenerate.


Message History

The adder is severely wounded.
The adder bites you but does no damage. The adder barely misses you.
You hit the adder. You burn the adder.
You kill the adder!
You are no longer poisoned.
There is an entrance to Egealiff's Jewellery Shoppe here.
As you open the door, it creaks loudly!
There is an open door here.
There is an entrance to Egealiff's Jewellery Shoppe here.
You open the door.
There is an open door here.
There is an entrance to Egealiff's Jewellery Shoppe here.
There is an open door here.
There is an entrance to Genwas's Distillery here.
An ogre comes into view. It is wielding a +0 giant club.
A jelly comes into view.
Found 11 gold pieces.
You hit the ogre. You burn the ogre.
The ogre is lightly wounded.
The ogre hits you with a +0 giant club!!
You feel much better.
You slash the ogre! You burn the ogre.
The ogre is heavily wounded.
The ogre hits you with a +0 giant club!
You hit the ogre. You burn the ogre.
The ogre is heavily wounded.
The ogre hits you but does no damage.
You hit the ogre. You burn the ogre.
The ogre is severely wounded.
The ogre closely misses you.
You barely miss the ogre.
The ogre is severely wounded.
The ogre hits you with a +0 giant club!
* * * LOW HITPOINT WARNING * * *
You barely miss the ogre.
The ogre is severely wounded.
You hit the ogre but do no damage.
The ogre is severely wounded.
The ogre hits you with a +0 giant club!!
You die...

#.# ,, , #.....# #.#
,, #.....# #.# ,,
,*#.##### #.# , #.#
#.# **#+####.### *
#.# #.##..∩..####
#.# #.#..#.#....# *
#.# #.#......O..#
#.# #.#.......@.#
#.#####.'.........#
#.##....#.........#
#.##....#....#'#..##
#.##...(#....#.#...#
#..'....+..###.###.#
####....##.'..∩..+.#
###########.###.#
#.#...#


You could see an ogre.

Vanquished Creatures
  A scorpion (D:5)
  2 orc priests
  A hound (D:4)
  Jessica (D:3)
  Natasha (thrice) (D:3)
  An iguana (D:3)
  An orc wizard (D:3)
  4 gnolls (D:4)
  5 adders
  A howler monkey skeleton (D:4)
  A worm (D:2)
  A dart slug (D:4)
  7 orcs
  4 bats
  10 endoplasms
  6 giant cockroaches
  9 hobgoblins
  9 ball pythons
  6 frilled lizards
  6 goblins
  7 kobolds
  5 rats
91 creatures vanquished.

Vanquished Creatures (others)
  A plant (D:1)
1 creature vanquished.

Grand Total: 92 creatures vanquished

Notes
Turn   | Place    | Note
-------+----------+-------------------------------------------
     0 | D:1      | rivermerz the Deep Dwarf Cinder Acolyte began the quest for
                  | the Orb.
     0 | D:1      | Reached XP level 1. HP: 20/20 MP: 2/2
   621 | D:1      | Reached XP level 2. HP: 16/27 MP: 3/3
   712 | D:1      | Learned a level 2 spell: Scorch
  1213 | D:1      | Found a faded altar of an unknown god.
  1348 | D:2      | Found Qyen's Armour Emporium.
  1389 | D:2      | Reached XP level 3. HP: 33/33 MP: 4/4
  1555 | D:2      | Reached skill level 4 in Axes
  1627 | D:2      | Found Qahehir's Armour Emporium.
  2007 | D:2      | Upgraded the game from 0.28-a0-662-g1651b1f1e0 to
                  | 0.28-a0-687-gb91baff9cc
  2106 | D:3      | Noticed Jessica
  2112 | D:3      | Found a radiant altar of Vehumet.
  2128 | D:3      | Reached XP level 4. HP: 28/40 MP: 5/5
  2154 | D:3      | Reached skill level 1 in Stealth
  2367 | D:3      | Reached XP level 5. HP: 25/48 MP: 3/6
  2523 | D:3      | Killed Jessica
  2524 | D:3      | Reached skill level 5 in Axes
  2524 | D:3      | Reached skill level 1 in Armour
  2600 | D:3      | Got the Tome of Shifting Evil Secrets
  2787 | D:3      | Found an iron altar of Okawaru.
  2915 | D:3      | Noticed Natasha
  2925 | D:3      | Killed Natasha
  2934 | D:3      | Found a white marble altar of Elyvilon.
  3048 | D:3      | Noticed Natasha
  3063 | D:3      | Killed Natasha
  3132 | D:3      | Noticed Natasha
  3149 | D:3      | Killed Natasha
  3150 | D:3      | Reached skill level 1 in Dodging
  3150 | D:3      | Reached XP level 6. HP: 42/56 MP: 2/6
  3598 | D:3      | Upgraded the game from 0.28-a0-687-gb91baff9cc to
                  | 0.28-a0-1286-g6bde065e89
  4156 | D:5      | Entered Level 5 of the Dungeon
  4186 | D:5      | Found Genwas's Distillery.
  4203 | D:5      | Reached skill level 6 in Axes
  4241 | D:5      | Found Egealiff's Jewellery Shoppe.
  4301 | D:5      | Mangled by an ogre

Illustrated notes

Levels and vault maps discovered:
D:1:      nicolae_arrival_memento_mori, layout_basic,
          shapermc_ecumenical_altar_acropolis, roderic_lattice_a,
          nrook_campfire, corexii_leaking_fountain
D:2:      layout_basic, serial_shops, nicolae_lakefront_shop, shop,
          minmay_pentomino_q2
D:3:      layout_loops_ring, nicolae_overflow_hidden_temple, elyvilon_altar_4,
          lemuel_tele_altar, uniq_natasha, uniq_jessica
D:4:      layout_cave_pools, minmay_misc_feat_rugged
D:5:      layout_basic, serial_shops, nicolae_shop_hallway_plus,
          nicolae_diamond_shop, nicolae_shop_crystal, shop, shop, uniq_ijyb,
          uniq_pikel

Skill      XL: |  1  2  3  4  5  6 |
---------------+-------------------+-----
Fire Magic     | 3 |  3.5
Axes           | 4 5 6 |  6.0
Stealth        | 2 3 |  3.5
Fighting       | 3 |  3.0
Armour         | 1 2 |  2.4
Dodging        | 1 |  1.9
Spellcasting   | |  1.5

Action                   |  1- 3 |  4- 6 || total
-------------------------+-------+-------++-------
Melee: Hand axe          |   127 |   188 ||   315
 Cast: Scorch            |     9 |    24 ||    33
 Abil: Heal Wounds       |     1 |     7 ||     8
  Use: Scroll            |       |     4 ||     4
Armor: Robe              |     7 |       ||     7
       Ring mail         |    41 |    86 ||   127
Dodge: Dodged            |    69 |   114 ||   183

Table legend: (Time is in decaauts)
 A = Elapsed time spent in this place.
 B = Non-inter-level travel time spent in this place.
 C = Inter-level travel time spent in this place.
 D = Time resting spent in this place.
 E = Time spent auto-exploring this place.
 F = Levels seen in this place.
 G = Mean time per level.
                   A        B        C        D        E       F      G
               +--------+--------+--------+--------+--------+-----+--------+
         Total |   4331 |   4147 |    184 |    775 |   1246 |   5 |  866.2 |
       Dungeon |   4331 |   4147 |    184 |    775 |   1246 |   5 |  866.2 |
               +--------+--------+--------+--------+--------+-----+--------+

Top non-repeatable levels by time:
     D:3: 1392 daAuts
     D:1: 1334 daAuts
     D:2: 745 daAuts
     D:4: 714 daAuts
     D:5: 144 daAuts
